 Dungeon Crawl Stone Soup version 0.29-a0-473-gacb4ef3bc5 (webtiles) character file.

Game seed: 9224618724261769032

44 Bruhh the Ruffian (level 3, 35/35 HPs)
             Began as a Troll Transmuter on May 23, 2022.
             Quit the game on level 2 of the Dungeon.
             The game lasted 00:02:12 (1002 turns).

Bruhh the Ruffian (Troll Transmuter)                Turns: 1002, Time: 00:02:12

Health: 35/35      AC:  4    Str: 18    XL:     3   Next: 39%
Magic:  3/3        EV:  9    Int: 11    God:
Gold:   112        SH:  0    Dex: 10    Spells: 3/4 levels left

rFire   . . .      SeeInvis .     - Unarmed
rCold   . . .      Faith    .   (no shield)
rNeg    . . .      Spirit   .   a - +0 robe
rPois   .          Reflect  .   (helmet restricted)
rElec   .          Harm     .   (no cloak)
rCorr   .          Rampage  .   (gloves unavailable)
Will    .....                   (boots unavailable)
Stlth   +.........              (no amulet)
HPRegen 0.91/turn               (no ring)
MPRegen 0.08/turn               (no ring)

@: no status effects
A: large, unfitting armour, claws 3, regeneration 1, shaggy fur 1, tough skin 1
a: no special abilities


You were on level 2 of the Dungeon.
You visited 1 branch of the dungeon, and saw 3 of its levels.

You collected 112 gold pieces.

Inventory:

Armour
 a - a +0 robe (worn)
Scrolls
 f - a scroll of immolation {unknown}
 g - 2 scrolls of identify {unknown}
 h - a scroll of vulnerability {unknown}
Potions
 b - 2 potions of lignification
 c - 3 potions of mutation {unknown}
 d - 2 potions of curing {unknown}
 e - 3 potions of haste {unknown}


   Skills:
 + Level 2.0 Fighting
 - Level 1.5 Dodging
 + Level 3.8 Unarmed Combat
 - Level 1.2 Spellcasting
 - Level 1.3 Transmutations


You had 3 spell levels left.
You knew the following spells:

 Your Spells              Type           Power      Damage    Failure   Level
a - Beastly Appendage     Tmut           6%         N/A       19%         1

Your spell library contained the following spells:

 Spells                   Type           Power      Damage    Failure   Level
 Wereblood                Tmut           3%         N/A       26%         2
 Spider Form              Tmut/Pois      2%         N/A       56%         3
 Ice Form                 Ice/Tmut       2%         N/A       93%         4


Dungeon Overview and Level Annotations

Branches:
Dungeon (3/15)

Altars:

Shops:
D:2 =

Annotations:
D:2 1 runed translucent door, Crazy Yiuf


Innate Abilities, Weirdness & Mutations

You are too large for most types of armour.
You have claws for hands.
Your natural rate of healing is unusually fast.
You are covered in fur. (AC +1)
You have tough skin. (AC +1)


Message History

You scratch the giant cockroach.
You kill the giant cockroach!
No target in view!
No target in view!
No target in view!
No target in view!
No target in view!
No target in view!
No target in view!
No target in view!
No target in view!
No target in view!
No target in view!
No target in view!
No target in view!
No target in view!
No target in view!
No target in view!
No target in view!
No target in view!
Found a mace.
Found a runed translucent door.
Crazy Yiuf shouts!
Crazy Yiuf glowers.
Found a leather armour.
Found a dagger.
You see here a +0 leather armour.
Key pressed, stopping explore.
Key pressed, stopping explore.
Key pressed, stopping explore.
Key pressed, stopping explore.
You see here a +0 spear.
Found Olifank's One-of-a-Kind Rings.
There is an entrance to Olifank's One-of-a-Kind Rings here.
Level annotation: 1 runed translucent door, Crazy Yiuf Welcome back, Bruhh the Troll Transmuter.
Press ? for a list of commands and other information.
Level annotation: 1 runed translucent door, Crazy Yiuf Welcome back, Bruhh the Troll Transmuter.
Press ? for a list of commands and other information.
Are you sure you want to abandon this character and quit the game? (Confirm with "yes".)

..#.##.........#
###.##........###
###.............##
.#...#...........###
....##.............##
...............###..#
..............#...#.#
.............#...!.##
.............#..@..#
..........####.....#
..........# ##...##
..........# #####
.........##
..#.....## #########


There were no monsters in sight!

Vanquished Creatures
  An adder (D:2)
  A worm (D:2)
  4 ball pythons
  2 bats
  3 endoplasms
  A giant cockroach (D:2)
  5 goblins
  4 hobgoblins
  A kobold (D:2)
  2 quokkas (D:2)
  3 frilled lizards
  2 rats
29 creatures vanquished.

Vanquished Creatures (others)
  2 plants (D:2)
2 creatures vanquished.

Grand Total: 31 creatures vanquished

Notes
Turn   | Place    | Note
-------+----------+-------------------------------------------
     0 | D:1      | Bruhh the Troll Transmuter began the quest for the Orb.
     0 | D:1      | Reached XP level 1. HP: 18/18 MP: 1/1
    32 | D:1      | Reached skill level 1 in Fighting
   273 | D:1      | Found a faded altar of an unknown god.
   275 | D:1      | Reached XP level 2. HP: 26/27 MP: 2/2
   605 | D:2      | You fall into a shaft and drop 1 floor!
   694 | D:2      | Reached XP level 3. HP: 33/35 MP: 3/3
   832 | D:2      | Found a runed translucent door.
   833 | D:2      | Noticed Crazy Yiuf
   994 | D:2      | Found Olifank's One-of-a-Kind Rings.
  1002 | D:2      | Quit the game

Illustrated notes

Levels and vault maps discovered:
D:1:      saegor_arrival_simple_b, layout_basic,
          nicolae_ecumenical_snake_handling
D:2:      layout_rooms, minmay_crystal_room, serial_bayou_lagoon_a,
          nicolae_shop_unique_rings, minivault_24, uniq_crazy_yiuf_cottage
D:3:      layout_rooms, doesnt_xom_only_xom, mainiacjoe_overflow_24_doors

Skill      XL: |  1  2  3 |
---------------+----------+-----
Fighting       | 1 2 |  2.0
Dodging        | |  1.5
Unarmed Combat | |  3.8
Spellcasting   | |  1.2
Transmutations | |  1.3

Action                   || total
-------------------------++-------
Melee: Unarmed           ||    75
 Stab: Sleeping          ||     1
Armor: Robe              ||    22
Dodge: Dodged            ||    30

Table legend: (Time is in decaauts)
 A = Elapsed time spent in this place.
 B = Non-inter-level travel time spent in this place.
 C = Inter-level travel time spent in this place.
 D = Time resting spent in this place.
 E = Time spent auto-exploring this place.
 F = Levels seen in this place.
 G = Mean time per level.
                   A        B        C        D        E       F      G
               +--------+--------+--------+--------+--------+-----+--------+
         Total |    997 |    965 |     32 |      0 |    783 |   3 |  332.3 |
       Dungeon |    997 |    965 |     32 |      0 |    783 |   3 |  332.3 |
               +--------+--------+--------+--------+--------+-----+--------+

Top non-repeatable levels by time:
     D:1: 509 daAuts
     D:2: 458 daAuts
     D:3: 29 daAuts
